 Dungeon Crawl Stone Soup version 0.31-a0-1370-gf52a5a9ab3 (webtiles) character file.

Game seed: 211115930876759068

29497 grandjackal the Warrior (level 13, -1/166 HPs)
             Began as an Oni Warper on Dec 24, 2023.
             Was a Follower of Ashenzari.
             Slain by a quicksilver ooze (17 damage)
             ... in an ice cave.
             The game lasted 00:23:58 (16057 turns).

grandjackal the Warrior (Oni Warper)               Turns: 16057, Time: 00:23:58

Health: -1/166     AC: 10    Str: 24    XL:     13   Next: 45%
Magic:  0/18       EV:  9    Int: 15    God:    Ashenzari [*.....]
Gold:   245        SH:  5    Dex: 10    Spells: 11/18 levels left

rFire   . . .        F - +1 giant spiked club (flame)
rCold   + . .        (shield currently unavailable)
rNeg    + . .        P - +3 troll leather armour of the Lily {rC+ Regen+ Str+6 Int-3 Stlth+}
rPois   .            k - +2 hat
rElec   .            b - +0 cloak of the Cursed Augur {Self, Bglg} (curse)
rCorr   .            (gloves unavailable)
SInv    .            (boots unavailable)
Will    +....        x - amulet of Toth-Mos's Legacy {Reflect Regen+ Dex+2 SH+5, Bglg, Self} (curse)
Stlth   ++           H - ring of positive energy
HPRegen 2.07/turn    M - ring of wizardry
MPRegen 0.16/turn

%: reflection, wizardry (x1)
@: engulfed (cannot breathe)
A: large, unfitting armour, horns 1, tough skin 1, double potion healing,
drunken brawling
a: Renounce Religion, Curse Item, Shatter the Chains


You were in an ice cave.
You worshipped Ashenzari.
Ashenzari was aware of your devotion.
You visited 4 branches of the dungeon, and saw 16 of its levels.
You also visited: Ossuary and Ice Cave.

You collected 1504 gold pieces.
You spent 1259 gold pieces at shops.

Inventory:

Hand Weapons
 w - a +1 heavy flail
 F - a +1 giant spiked club of flaming (weapon)
 G - a +1 demon whip of venom
Missiles
 d - 7 darts of dispersal
 g - 19 large rocks (quivered)
 r - 21 poisoned darts
 I - 6 atropa-tipped darts
 K - 5 curare-tipped darts
Armour
 b - the cursed +0 cloak of the Cursed Augur (worn) {Self, Bglg}
   (You found it on level 5 of the Dungeon)

   It has a curse which improves the following skills: Introspection: Fighting
   and Spellcasting.
   Beguiling: Hexes and Translocations.
 k - a +2 hat (worn)
 E - a +2 robe of positive energy
 P - the +3 troll leather armour of the Lily (worn) {rC+ Regen+ Str+6 Int-3 Stlth+}
   (You bought it in a shop on level 2 of the Orcish Mines)

   Str+6:     It affects your strength (+6).
   Int-3:     It affects your intelligence (-3).
   rC+:       It protects you from cold.
   Regen+:    It increases your rate of health regeneration.
   Stlth+:    It makes you more stealthy.
 Q - a +2 robe of fire resistance
Jewellery
 x - the cursed amulet of Toth-Mos's Legacy (around neck) {Reflect Regen+ Dex+2 SH+5, Bglg, Self}
   (You acquired it on level 7 of the Dungeon)

   [amulet of reflection]

   Reflect:   It reflects blocked missile attacks.
   Dex+2:     It affects your dexterity (+2).
   Regen+:    It increases your rate of health regeneration.
   SH+5:      It affects your SH (+5).
   It has a curse which improves the following skills: Beguiling: Hexes and
   Translocations.
   Introspection: Fighting and Spellcasting.
 H - a ring of positive energy (left hand)
 M - a ring of wizardry (right hand)
 O - a ring of resist corrosion
Wands
 C - a wand of light (6)
 J - a wand of charming (14)
 L - a wand of polymorph (3)
Scrolls
 c - 4 scrolls of blinking
 e - 2 scrolls of immolation
 m - 3 scrolls of poison
 n - 5 scrolls of identify
 o - 5 scrolls of fog
 p - 3 scrolls of enchant armour
 q - 3 scrolls of fear
 s - 6 scrolls of teleportation
 u - a scroll of brand weapon
 v - 5 scrolls of amnesia
 y - 2 scrolls of summoning
 A - a scroll of vulnerability
Potions
 a - 2 potions of enlightenment
 f - 3 potions of mutation
 h - 2 potions of heal wounds
 i - 6 potions of curing
 j - 2 potions of degeneration
 l - 7 potions of haste
 t - 2 potions of attraction
 z - a potion of resistance
 B - a potion of lignification
 D - a potion of cancellation
 N - 2 potions of brilliance


   Skills:
 + Level 19.4(20.4) Fighting
 + Level 15.2 Maces & Flails
 - Level 1.0 Throwing
 - Level 2.1 Dodging
 - Level 2.4(3.4) Spellcasting
 - Level 7.0(8.2) Translocations


You had 11 spell levels left.
You knew the following spells:

 Your Spells              Type           Power      Damage    Failure   Level
a - Blink                 Tloc           54%        N/A       1%          2
b - Lesser Beckoning      Tloc           54%        N/A       1%          2
c - Teleport Other        Tloc           27%        N/A       1%          3

Your spell library contained the following spells:

 Spells                   Type           Power      Damage    Failure   Level
 Manifold Assault         Tloc           27%        N/A       3%          4
 Ensorcelled Hibernation  Hex/Ice        4%         N/A       13%         2
 Vhi's Electric Charge    Tloc/Air       28%        N/A       16%         4
 Fugue of the Fallen      Necr           2%         N/A       26%         3
 Ozocubu's Armour         Ice            2%         N/A       26%         3
 Anguish                  Hex/Necr       1%         N/A       61%         4
 Leda's Liquefaction      Alch/Erth      1%         N/A       61%         4
 Metabolic Englaciation   Hex/Ice        1%         N/A       90%         5
 Lee's Rapid Deconstruct  Erth           1%         3d4*      91%         5
 Bombard                  Conj/Erth      1%         9d1       100%        6
 Simulacrum               Ice/Necr       1%         N/A       100%        6


Dungeon Overview and Level Annotations

Branches:
Dungeon (12/15)            Temple (1/1) D:4            Lair (1/5) D:8
    Orc (2/2) D:12            Elf (0/3) Orc:2       Ossuary (visited)
  IceCv (1/1)

Altars:
Ashenzari
Cheibriados
Dithmenos
Elyvilon
Fedhas
Gozag
Hepliaklqana
Kikubaaqudgha
Makhleb
Nemelex Xobeh
Okawaru
Qazlal
Ru
Sif Muna
Trog
Uskayaw
Vehumet
Wu Jian
Xom
Yredelemnul
Zin
The Shining One

Shops:
D:11 *   Orc:2 [[?(

Annotations:
D:11 3 runed translucent doors, AlmostDecent's ghost, journeyman GnIE
D:12 Rupert IceCv exclusion: ice statue


Innate Abilities, Weirdness & Mutations

You are too large for most types of armour.
You have a pair of small horns on your head.
You have tough skin. (AC +1)
You gain doubled healing and magic from potions.
Whenever you drink a healing potion, you attack all around you.


Message History

The quicksilver ooze hits you! x2
You feel your power leaking away.
You block the glowing shapeshifter simulacrum's attack.
Unknown command.
You closely miss the quicksilver ooze.
The quicksilver ooze is lightly wounded.
Your lungs strain for air!
The quicksilver ooze hits you!
The quicksilver ooze hits you but does no damage.
The quicksilver ooze hits you. The quicksilver ooze barely misses you.
You bludgeon the quicksilver ooze!! You burn the quicksilver ooze!
Your headbutt misses the quicksilver ooze.
The quicksilver ooze is almost dead.
Your lungs strain for air!
The quicksilver ooze hits you! x2
You block the glowing shapeshifter simulacrum's attack.
The quicksilver ooze hits you. x2
You are too injured to fight recklessly!
Unknown command.
You are too injured to fight recklessly!
Unknown command.
You are too injured to fight recklessly!
You hit the quicksilver ooze. You burn the quicksilver ooze.
The quicksilver ooze is almost dead.
Your lungs strain for air!
The quicksilver ooze hits you. The quicksilver ooze hits you!
The glowing shapeshifter simulacrum hits you.
* * * LOW HITPOINT WARNING * * *
The glowing shapeshifter simulacrum freezes you!
You resist.
* * * LOW HITPOINT WARNING * * *
You miss the quicksilver ooze.
The quicksilver ooze is almost dead.
* * * LOW HITPOINT WARNING * * *
Your lungs strain for air!
The quicksilver ooze misses you. The quicksilver ooze hits you!
* * * LOW HITPOINT WARNING * * *
The glowing shapeshifter simulacrum completely misses you.
The quicksilver ooze hits you!
You die...

...#### ..... ... # #.# .#
########.## ... ###........○#
.... ####### ##...........###
##....###.....#
#......###.....###....###........
#.....######....@J.........#.....
#........[[###...Z####....##.....
##.....##?[..###### #....##.....#
##.....##....8 .....###.....##
####...####.. ..####....####
##....####{ ###.....###
###.....#####.....###
####.........#### ####...####


You could see a quicksilver ooze and a glowing shapeshifter simulacrum.

Vanquished Creatures
  Gastronok (D:12)
  A quicksilver ooze (IceCv)
  3 two-headed ogres
  Erica (D:11)
  2 orc high priests (Orc:2)
  Sonja (D:10)
  Amaemon (D:10)
  3 skeletal warriors (D:12)
  Pikel (D:4)
  An orc knight (D:12)
  6 orc sorcerers
  A manticore (D:12)
  Maurice (D:10)
  2 cyclopes
  4 kobold blastminers (Orc:1)
  An orange demon (D:10)
  An ice statue (IceCv)
  Jeremiah (D:7)
  An unseen horror (D:10)
  A komodo dragon (Lair:1)
  2 kobold demonologists
  2 trolls
  Grinder (D:5)
  3 slime creatures (IceCv)
  2 shadows (D:11)
  2 wraiths
  A wyvern (D:10)
  2 basilisks
  18 yaks
  2 wargs (Orc:1)
  2 vampire mosquitoes (D:11)
  A death yak simulacrum (Lair:1)
  3 water moccasins
  A great orb of eyes simulacrum (IceCv)
  21 orc warriors
  A sky beast (D:6)
  4 ogres
  4 centaurs
  A phantom (D:7)
  5 bullfrogs
  A weeping skull (Ossuary)
  2 cane toad simulacra (Lair:1)
  A glowing shapeshifter simulacrum (IceCv)
  5 scorpions
  3 water moccasin zombies (Ossuary)
  18 wights
  A killer bee (D:9)
  4 howler monkeys
  5 hounds
  A gnoll bouda (D:5)
  19 orc priests
  A spectral scorpion (Ossuary)
  A jelly (D:7)
  3 iguanas
  A sleepcap (D:5)
  50 orc wizards
  5 shapeshifter simulacra (IceCv)
  A polar bear simulacrum (Lair:1)
  A bullfrog simulacrum (Ossuary)
  A crocodile zombie (Ossuary)
  2 mummies (Ossuary)
  17 gnolls
  4 adders
  A shadow imp (D:6)
  2 bombardier beetles
  A white imp (D:6)
  5 adder zombies (Ossuary)
  2 worms
  A dart slug (D:5)
  79 orcs
  3 bats
  2 endoplasms (D:1)
  6 giant cockroaches
  9 gnoll zombies (Ossuary)
  12 goblins
  9 hobgoblins
  3 jackals (D:2)
  4 kobolds
  3 quokkas
  5 ball pythons
  A jackal zombie (Ossuary)
  3 orc zombies (Ossuary)
  9 rats
419 creatures vanquished.

Vanquished Creatures (others)
  2 orc wizards
  2 orcs (Orc:1)
4 creatures vanquished.

Grand Total: 423 creatures vanquished

Notes
Turn   | Place    | Note
-------+----------+-------------------------------------------
     0 | D:1      | grandjackal the Oni Warper began the quest for the Orb.
     0 | D:1      | Reached XP level 1. HP: 22/22 MP: 3/3
   151 | D:1      | Reached skill level 3 in Fighting
   161 | D:1      | Reached XP level 2. HP: 20/31 MP: 5/5
   221 | D:1      | Found a faded altar of an unknown god.
   472 | D:1      | Reached XP level 3. HP: 13/37 MP: 6/6
  1214 | D:2      | Learned a level 2 spell: Blink
  1625 | D:2      | Reached skill level 4 in Fighting
  1664 | D:2      | Reached XP level 4. HP: 45/48 MP: 7/7
  1903 | D:2      | Learned a level 2 spell: Lesser Beckoning
  1907 | D:2      | Learned a level 3 spell: Teleport Other
  1947 | D:3      | HP: 2/48 [burnt (3)]
  2675 | D:3      | Reached XP level 5. HP: 19/55 MP: 8/8
  3157 | D:3      | Found a sacrificial altar of Ru.
  3205 | D:4      | Noticed a lemure
  3205 | D:4      | Noticed a lemure
  3207 | D:4      | Noticed a lemure
  3209 | D:4      | Noticed a lemure
  3214 | D:3      | Reached skill level 5 in Fighting
  3449 | D:4      | Reached XP level 6. HP: 36/66 MP: 9/9
  3843 | D:4      | Noticed Pikel
  3912 | D:5      | Entered Level 5 of the Dungeon
  3997 | D:5      | Reached skill level 6 in Fighting
  3999 | D:5      | Reached XP level 7. HP: 33/75 MP: 10/10
  4796 | D:4      | Found a staircase to the Ecumenical Temple.
  4816 | D:4      | Killed Pikel
  4817 | D:4      | Reached skill level 7 in Fighting
  4817 | D:4      | Reached skill level 5 in Maces & Flails
  4817 | D:4      | Reached skill level 5 in Translocations
  4817 | D:4      | Reached XP level 8. HP: 7/88 MP: 9/11
  5119 | Temple   | Entered the Ecumenical Temple
  5142 | Temple   | Became a worshipper of Ashenzari the Shackled
  5325 | D:5      | Noticed Grinder
  5334 | D:5      | Paralysed by Grinder for 2 turns
  5345 | D:5      | Paralysed by Grinder for 2 turns
  5353 | D:5      | Killed Grinder
  5354 | D:5      | Reached skill level 8 in Fighting
  5941 | D:6      | Reached XP level 9. HP: 97/97 MP: 12/12
  5947 | D:6      | Reached skill level 9 in Fighting
  6825 | D:7      | Reached skill level 10 in Fighting
  7078 | D:7      | Noticed Jeremiah
  7084 | D:7      | Killed Jeremiah
  7382 | D:7      | Reached skill level 11 in Fighting
  7610 | D:7      | Reached XP level 10. HP: 73/115 MP: 14/14
  7776 | D:7      | Reached * piety under Ashenzari
  7776 | D:7      | Identified a scroll of acquirement
  7778 | D:7      | Acquired the amulet "Doixkaj" {Reflect Regen+ Dex+2 SH+5}
  7832 | D:7      | Found a stormy altar of Qazlal.
  8357 | D:8      | Found a staircase to the Lair.
  8365 | D:8      | Found a sand-covered staircase.
  8370 | Ossuary  | Entered an ossuary
  8459 | Ossuary  | Reached skill level 12 in Fighting
  9257 | D:9      | Reached skill level 10 in Maces & Flails
  9258 | D:9      | Reached skill level 13 in Fighting
  9882 | D:9      | Reached XP level 11. HP: 123/131 MP: 16/16
  9898 | D:9      | Reached skill level 14 in Fighting
 10212 | D:9      | Noticed a two-headed ogre
 10220 | D:9      | Killed a two-headed ogre
 10435 | D:10     | Entered Level 10 of the Dungeon
 10448 | D:10     | Noticed a two-headed ogre
 10455 | D:10     | Noticed Maurice
 10467 | D:9      | Killed a two-headed ogre
 10968 | D:10     | Something stole 144 gold
 10969 | D:10     | Something stole a +1 heavy flail
 10974 | D:10     | Something stole 304 gold
 10975 | D:10     | Something stole 21 poisoned darts
 10977 | D:10     | Something stole a ring of positive energy
 10978 | D:10     | Killed Maurice
 11052 | D:10     | Noticed Amaemon
 11073 | D:10     | Killed Amaemon
 11074 | D:10     | Reached skill level 15 in Fighting
 11324 | D:10     | Found a blossoming altar of Fedhas.
 11384 | D:10     | Found an iron altar of Okawaru.
 11583 | D:10     | Noticed Sonja
 11591 | D:10     | Killed Sonja
 11988 | D:11     | Noticed Erica
 12117 | D:11     | Killed Erica
 12209 | D:11     | Reached ** piety under Ashenzari
 12209 | D:11     | Reached *** piety under Ashenzari
 12362 | D:11     | Found a runed translucent gate.
 12363 | D:11     | Found a runed translucent gate.
 12363 | D:11     | Noticed a two-headed ogre
 12364 | D:11     | Found a runed translucent gate.
 12365 | D:11     | Found an opulent altar of Gozag.
 12365 | D:11     | Found Nehufofea's Assorted Antiques.
 12371 | D:11     | Killed a two-headed ogre
 12372 | D:11     | Reached skill level 16 in Fighting
 12372 | D:11     | Noticed a manticore
 12372 | D:11     | Noticed AlmostDecent's ghost (journeyman GnIE)
 12454 | D:11     | Noticed a cyclops
 12465 | D:11     | Killed a cyclops
 12466 | D:11     | Reached XP level 12. HP: 148/148 MP: 17/17
 12787 | D:12     | Noticed Gastronok
 12801 | D:12     | Killed Gastronok
 12868 | D:12     | Reached skill level 17 in Fighting
 13009 | D:12     | Found a staircase to the Orcish Mines.
 13422 | D:12     | Noticed Rupert
 13460 | Orc:1    | Entered Level 1 of the Orcish Mines
 13952 | Orc:1    | Reached skill level 18 in Fighting
 14150 | Orc:2    | Entered Level 2 of the Orcish Mines
 14345 | Orc:2    | HP: 7/154 [orc priest/divine providence (12)]
 14519 | Orc:2    | Reached XP level 13. HP: 132/163 MP: 18/18
 15014 | Orc:2    | Paralysed by an orc sorcerer for 3 turns
 15037 | Orc:2    | Reached skill level 19 in Fighting
 15304 | Orc:2    | Found Ypur's Antique Armour Shop.
 15304 | Orc:2    | Found Huemm's Magic Scroll Boutique.
 15305 | Orc:2    | Found Kuxoiria's Antique Weapon Boutique.
 15309 | Orc:2    | Found Compan's Antique Armour Shop.
 15312 | Orc:2    | Bought a glowing robe for 99 gold pieces
 15312 | Orc:2    | Bought an embroidered robe for 99 gold pieces
 15316 | Orc:2    | Bought a scroll of enchant armour for 105 gold pieces
 15316 | Orc:2    | Bought a scroll of fog for 56 gold pieces
 15316 | Orc:2    | Bought a scroll of teleportation for 42 gold pieces
 15316 | Orc:2    | Bought a scroll of teleportation for 42 gold pieces
 15316 | Orc:2    | Bought a scroll of fog for 56 gold pieces
 15318 | Orc:2    | Bought a fine troll leather armour for 760 gold pieces
 15318 | Orc:2    | Identified the +3 troll leather armour of the Lily {rC+
                  | Regen+ Str+6 Int-3 Stlth+} (You bought it in a shop on
                  | level 2 of the Orcish Mines)
 15379 | Orc:2    | Found a staircase to the Elven Halls.
 15718 | Lair:1   | Entered Level 1 of the Lair of Beasts
 15763 | Lair:1   | Reached skill level 15 in Maces & Flails
 15826 | Lair:1   | Found a frozen archway.
 15879 | IceCv    | Entered an ice cave
 15997 | IceCv    | Noticed a quicksilver ooze
 16004 | IceCv    | Killed a quicksilver ooze
 16046 | IceCv    | Noticed a quicksilver ooze
 16057 | IceCv    | Slain by a quicksilver ooze

Illustrated notes

Levels and vault maps discovered:
D:1:      dpeg_arrival_water_fire, layout_loops_ring,
          chequers_ecumenical_altar_grove, minmay_tall_x
D:2:      layout_loops_cross, kennysheep_boxes
D:3:      layout_rooms, nicolae_ru_the_path_less_chosen
D:4:      layout_rooms, minmay_temple_entry_mini_moons, uniq_pikel
D:5:      layout_rooms, uniq_grinder
D:6:      layout_rooms, minivault_26
D:7:      layout_loops_corners, nicolae_qazlal_general_emergency,
          grunt_ministairs_14, uniq_jeremiah
D:8:      layout_rooms, lair_entry_dummy, enter_ossuary_5
D:9:      layout_loops_corners, dreamdust_princess_corridor,
          kennysheep_opposing_triangles
D:10:     layout_basic, okawaru_altar_gauntlet_db, fedhas_altar_fruit_tree,
          minivault_26, uniq_sonja, uniq_maurice, uniq_amaemon
D:11:     layout_irregular_city, ebering_ghost_gozag, uniq_erica
D:12:     layout_basic, orc_0_dummy, serial_shops, nicolae_square_shop,
          corexii_checkpoint, uniq_rupert, uniq_gastronok
Temple:   nicolae_temple_bog_church
Lair:1:   layout_gridlike, serial_forest, infiniplex_forest_lined_1,
          infiniplex_forest_end_double, infiniplex_forest_clump_curved,
          infiniplex_forest_clump_tiny, infiniplex_forest_lined_2,
          infiniplex_forest_clump_large, portal_ice_cave_entry_ice_simulacra,
          infiniplex_staircase_pool
Orc:1:    layout_diamond_mine
Orc:2:    st_orc_mages, layout_caves, regret_index_minedec_shroomtown_chain
IceCv:    ice_cave_hellmonk_azure_passage

Skill      XL: |  1  2  3  4  5  6  7  8  9 10 11 12 13 |
---------------+----------------------------------------+-----
Fighting       | 3 4 5 6 7 8 11 13 16 18 19 | 19.4
Translocations | 3 4 5 6 7 |  7.0
Maces & Flails | 3 4 5 6 8 10 12 14 15 | 15.2
Throwing       | |  1.0
Dodging        | |  2.1
Spellcasting   | |  2.4

Action                     |  1- 3 |  4- 6 |  7- 9 | 10-12 | 13-15 || total
---------------------------+-------+-------+-------+-------+-------++-------
  Melee: Mace              |   131 |    18 |       |       |       ||   149
         Headbutt          |    12 |    15 |    32 |   122 |    25 ||   206
         Punch             |     1 |       |     5 |     9 |       ||    15
         Flail             |       |    81 |   236 |   331 |       ||   648
         Whip              |       |    10 |       |       |       ||    10
         Demon whip        |       |       |       |   100 |       ||   100
         Giant spiked club |       |       |       |   197 |   169 ||   366
   Cast: Blink             |       |     1 |     6 |     3 |     2 ||    12
         Lesser Beckoning  |       |       |     2 |       |       ||     2
 Invoke: Curse Item        |       |       |     1 |     3 |       ||     4
         Shatter the Chain |       |       |       |     2 |       ||     2
  Evoke: Wand              |       |     1 |    19 |     4 |       ||    24
    Use: Scroll            |       |       |       |    11 |       ||    11
         Potion            |       |       |       |     3 |       ||     3
   Stab: Sleeping          |       |       |       |       |     1 ||     1
 Armour: Robe              |    94 |    85 |   220 |   472 |   131 ||  1002
         Troll leather arm |       |       |       |       |    46 ||    46
  Dodge: Dodged            |    68 |    59 |   105 |   232 |    64 ||   528
  Block: Other             |       |       |       |   111 |    30 ||   141
         Reflection        |       |       |       |     6 |     2 ||     8

Table legend: (Time is in decaauts)
 A = Elapsed time spent in this place.
 B = Non-inter-level travel time spent in this place.
 C = Inter-level travel time spent in this place.
 D = Time resting spent in this place.
 E = Time spent auto-exploring this place.
 F = Levels seen in this place.
 G = Mean time per level.
                   A        B        C        D        E       F      G
               +--------+--------+--------+--------+--------+-----+--------+
         Total |  16210 |  15544 |    666 |   4655 |   7438 |  18 |  900.6 |
       Dungeon |  13429 |  12886 |    543 |   4201 |   6304 |  12 | 1119.1 |
        Temple |     46 |      1 |     45 |      0 |      0 |   1 |   46.0 |
          Lair |    161 |    161 |      0 |      0 |     15 |   1 |  161.0 |
  Orcish Mines |   2169 |   2091 |     78 |    422 |   1053 |   2 | 1084.5 |
       Ossuary |    225 |    225 |      0 |      0 |     55 |   1 |  225.0 |
      Ice Cave |    179 |    179 |      0 |     32 |     11 |   1 |  179.0 |
               +--------+--------+--------+--------+--------+-----+--------+

Top non-repeatable levels by time:
     D:9: 1859 daAuts
     D:7: 1578 daAuts
     D:2: 1337 daAuts
     D:3: 1274 daAuts
     D:1: 1233 daAuts
   Orc:1: 1104 daAuts
    D:10: 1099 daAuts
   Orc:2: 1064 daAuts
     D:4: 1041 daAuts
     D:6: 1026 daAuts
     D:5: 976 daAuts
    D:11: 799 daAuts
    D:12: 726 daAuts
     D:8: 475 daAuts
 Ossuary: 225 daAuts
